 Dungeon Crawl Stone Soup version 0.29.1-1-gd02db6906a (webtiles) character file.

Game seed: 3794863085686356335

39 ChrisTheEpicPoet the Digger (level 3, 0/24 HPs)
             Began as a Human Earth Elementalist on Sept 26, 2022.
             Was an Initiate of Ru.
             Slain by Pargi (4 damage)
             ... in a sewer.
             The game lasted 00:05:56 (1142 turns).

ChrisTheEpicPoet the Digger (HuEE)                  Turns: 1142, Time: 00:05:57

Health: 0/24       AC:  4    Str:  8    XL:     3   Next: 70%
Magic:  0/6        EV: 11    Int: 17    God:    Ru [......]
Gold:   47         SH:  0    Dex: 13    Spells: 1/7 levels left

rFire   . . .      SeeInvis .   (no weapon)
rCold   . . .      Faith    .   (no shield)
rNeg    . . .      Spirit   .   b - +0 troll leather armour
rPois   .          Reflect  .   (no helmet)
rElec   .          Harm     .   (no cloak)
rCorr   .          Rampage  .   (no gloves)
Will    .....                   (no boots)
Stlth   ++........              (no amulet)
HPRegen 0.88/turn               (no ring)
MPRegen 0.10/turn               (no ring)

@: very slightly contaminated
A: no striking features
a: Renounce Religion


You were in a sewer.
You worshipped Ru.
Ru was noncommittal.
You visited 1 branch of the dungeon, and saw 3 of its levels.
You also visited: Sewer.

You collected 47 gold pieces.

Inventory:

Missiles
 d - a throwing net
Armour
 a - a +0 robe
 b - a +0 troll leather armour (worn)
Jewellery
 c - a ring of positive energy


   Skills:
 * Level 2.1 Dodging
 * Level 2.2 Stealth
 * Level 2.6 Spellcasting
 * Level 1.2 Transmutations
 * Level 3.6 Earth Magic


You had one spell level left.
You knew the following spells:

 Your Spells              Type           Power      Damage    Failure   Level
a - Sandblast             Erth           28%        2d8       6%          1
b - Passwall              Tmut/Erth      8%         N/A       14%         2
c - Stone Arrow           Conj/Erth      16%        3d8       36%         3

Your spell library contained the following spells:

 Spells                   Type           Power      Damage    Failure   Level
 Tukima's Dance           Hex            2%         N/A       63%         3
 Petrify                  Tmut/Erth      10%        N/A       67%         4
 Passage of Golubria      Tloc           2%         N/A       95%         4
 Yara's Violent Unravell  Hex/Tmut       2%         3d3       99%         5


Dungeon Overview and Level Annotations

Branches:
Dungeon (3/15)              Sewer (1/1)

Altars:
Hepliaklqana
Ru
Trog

Annotations:
Sewer Pargi


Message History

Casting: Sandblast (safe; 6% risk of failure)
Confirm with . or Enter, or press ? or * to list all spells.
The spell is extremely dangerous to miscast (36% risk of failure)!
Continue anyway?
Aiming: Stone Arrow (extremely dangerous; 36% risk of failure)
Press: ? - help, Shift-Dir - straight line, f - Pargi
Aim: Pargi (55% to hit)
You miscast Stone Arrow.
You are very lightly contaminated with residual magic.
You feel a strange surge of energy.
Unknown command.
Casting: Stone Arrow (extremely dangerous; 36% risk of failure)
Confirm with . or Enter, or press ? or * to list all spells.
Okay, then.
Aiming: Sandblast (safe; 6% risk of failure)
Press: ? - help, Q - select action, (/) - cycle Shift-Dir - straight line, f/p - Pargi
Aim: Pargi (77% to hit)
The blast of sand hits Pargi!
Pargi is moderately wounded.
Pargi bites you. Pargi misses you. Pargi claws you but does no damage.
Aiming: Sandblast (safe; 6% risk of failure)
Press: ? - help, Q - select action, (/) - cycle Shift-Dir - straight line, f/p - Pargi
Aim: Pargi (lightly wounded, 77% to hit)
You miscast Sandblast.
Nothing appears to happen.
Pargi bites you but does no damage. Pargi claws you.
Pargi claws you but does no damage.
Aiming: Sandblast (safe; 6% risk of failure)
Press: ? - help, Q - select action, (/) - cycle Shift-Dir - straight line, f/p - Pargi
Aim: Pargi (lightly wounded, 77% to hit)
The blast of sand hits Pargi!
Pargi is heavily wounded.
Pargi bites you. Pargi completely misses you. Pargi claws you. Pargi bites you.
* * * LOW HITPOINT WARNING * * *
Pargi claws you but does no damage. Pargi claws you.
* * * LOW HITPOINT WARNING * * *
Pargi attacks as you move away! Pargi barely misses you.
Pargi claws you but does no damage. x2
Pargi attacks as you move away! Pargi bites you.
* * * LOW HITPOINT WARNING * * *
Pargi claws you.
You die...

# # ######## #
###.~..~.### ##
###.....~..~.###
#.
#..T@~####.~.~.###
#. #.....###
###.~.~.###.
#.~..~.##
##...~.~~~ ###...~
#~~...###~ ".##~.
#..~..### #. #$
### ...~~.### #. #
.....## ## ##### #
#


You could see Pargi.

Vanquished Creatures
  A gnoll (D:3)
  2 orcs (D:3)
  An endoplasm (D:3)
  2 giant cockroaches (D:3)
  6 hobgoblins
  2 quokkas (D:3)
  3 ball pythons
  2 bats (D:2)
  2 frilled lizards
  3 goblins
  A rat (D:3)
25 creatures vanquished.

Notes
Turn   | Place    | Note
-------+----------+-------------------------------------------
     0 | D:1      | ChrisTheEpicPoet the Human Earth Elementalist began the
                  | quest for the Orb.
     0 | D:1      | Reached XP level 1. HP: 13/13 MP: 3/3
   318 | D:2      | Reached XP level 2. HP: 19/19 MP: 3/5
   738 | D:3      | Learned a level 2 spell: Passwall
   914 | D:3      | Found a sacrificial altar of Ru.
   914 | D:3      | Found a hazy altar of Hepliaklqana.
   920 | D:3      | Became a worshipper of Ru the Awakened
   925 | D:3      | Reached XP level 3. HP: 20/24 MP: 4/6
  1023 | D:3      | Found a glowing drain.
  1054 | D:3      | Found a bloodstained altar of Trog.
  1103 | Sewer    | Entered a sewer
  1130 | Sewer    | Noticed Pargi
  1137 | Sewer    | Learned a level 3 spell: Stone Arrow
  1142 | Sewer    | Slain by Pargi

Illustrated notes

Levels and vault maps discovered:
D:1:      minmay_arrival_four_houses, layout_rooms,
          shapermc_ecumenical_altar_hornbeckon
D:2:      layout_loops_ring, basic_altar, serial_rivers,
          chequers_serial_rivers_small_b, chequers_serial_rivers_room_b,
          chequers_serial_rivers_small_b, chequers_serial_rivers_small_3,
          chequers_serial_rivers_small_3, chequers_serial_rivers_micro_a,
          kennysheep_potato, uniq_robin
D:3:      layout_loops_ring, lemuel_round_altar,
          gammafunk_temple_overflow_statue, portal_sewer_entry_f,
          minmay_misc_feat_diagonals
Sewer:    sewer_the_moccasin

Action                   || total
-------------------------++-------
Melee: Unarmed           ||     3
 Cast: Sandblast         ||    37
       Passwall          ||     2
  Use: Scroll            ||     4
       Potion            ||     3
Armor: Troll leather arm ||    12
Dodge: Dodged            ||    50
